 Dungeon Crawl Stone Soup version 0.29.1-15-g9cfb28693d (webtiles) character file.

Game seed: 3310177492236731257

47 DemonSlayer the Digger (level 3, -10/24 HPs)
             Began as a Demonspawn Earth Elementalist on Mar 25, 2023.
             Killed by divine providence
             ... invoked by an orc priest
              (12 damage)
             ... on level 2 of the Dungeon.
             The game lasted 00:03:55 (1180 turns).

DemonSlayer the Digger (DsEE)                       Turns: 1180, Time: 00:03:56

Health: -10/24     AC:  4    Str: 10    XL:     3   Next: 48%
Magic:  2/6        EV: 12    Int: 16    God:
Gold:   131        SH:  0    Dex: 13    Spells: 4/7 levels left

rFire   . . .      SeeInvis .   b - +0 dagger
rCold   . . .      Faith    .   (no shield)
rNeg    . . .      Spirit   .   a - +0 robe
rPois   .          Reflect  .   (helmet restricted)
rElec   .          Harm     .   (no cloak)
rCorr   .          Rampage  .   e - +0 pair of gloves
Will    .....                   d - +0 pair of boots
Stlth   ++........              (no amulet)
HPRegen 0.08/turn               (no ring)
MPRegen 0.10/turn               (no ring)

@: no status effects
A: horns 2
a: no special abilities


You were on level 2 of the Dungeon.
You visited 1 branch of the dungeon, and saw 2 of its levels.

You collected 131 gold pieces.

Inventory:

Hand Weapons
 b - a +0 dagger (weapon)
Armour
 a - a +0 robe (worn)
 d - a +0 pair of boots (worn)
 e - a +0 pair of gloves (worn)
Potions
 c - a potion of lignification {unknown}


   Skills:
 + Level 1.8 Dodging
 + Level 2.1 Stealth
 + Level 0.2 Unarmed Combat
 + Level 2.5 Spellcasting
 + Level 0.8 Transmutations
 + Level 3.5 Earth Magic


You had 4 spell levels left.
You knew the following spells:

 Your Spells              Type           Power      Damage    Failure   Level
a - Sandblast             Erth           26%        2d8       4%          1
b - Passwall              Tmut/Erth      7%         N/A       12%         2

Your spell library contained the following spells:

 Spells                   Type           Power      Damage    Failure   Level
 Stone Arrow              Conj/Erth      14%        3d7       28%         3
 Petrify                  Tmut/Erth      9%         N/A       61%         4


Dungeon Overview and Level Annotations

Branches:
Dungeon (2/15)

Altars:


Innate Abilities, Weirdness & Mutations

You have a pair of horns on your head.


Message History

The orc priest looks encouraged for a moment.
The orc shouts!
There are monsters nearby!
There are monsters nearby!
There are monsters nearby!
The blast of sand hits the orc!
You kill the orc!
The blast of sand hits the orc.
The orc is moderately wounded.
The blast of sand hits the orc.
The orc is almost dead.
The orc barely misses you. The orc hits you but does no damage.
The blast of sand misses the orc.
The orc hits you with a +0 mace.
The orc priest calls down the wrath of Beogh upon you.
Pain shoots through your body!
The blast of sand hits the orc but does no damage.
The orc is almost dead.
The orc barely misses you. The orc priest closely misses you.
The orc hits you with a +0 mace.
The blast of sand misses the orc.
The orc hits you with a +0 mace.
The orc priest miscasts a cantrip.
You hit the orc.
You kill the orc!
The orc priest hits you with a +0 falchion.
The orc priest attacks as you move away!
The orc priest barely misses you.
Things that are here:
a +0 mace; a +0 leather armour; an orc corpse The orc priest attacks as you move away!
The orc priest closely misses you.
The orc priest looks satisfied for a moment.
You are too injured to fight recklessly!
Okay, then.
The orc priest calls down the wrath of Beogh upon you.
Beogh smites you!
* * * LOW HITPOINT WARNING * * *
The orc priest mumbles some strange prayers to Beogh against you.
Beogh smites you!
Ouch! That really hurt!
You die...

######### ########.......#
###..#^.#....##..#
#....#...........#
####..#..###.###).#
#...#..##@..#...#..oo.#
#...#...#.†.#...#..o#o#
##..###..#...#..###....
#..#...#..###).#...#...#
###..#...#.o.#...#...#...#
+...##...#...#..##...# ..#
####..###.###oo#..###.###.
#..#...........#........
#.##..###.###..#..###.###


You could see an orc priest.

Vanquished Creatures
  An adder (D:2)
  A worm (D:2)
  2 orcs (D:2)
  2 bats (D:1)
  4 endoplasms
  3 giant cockroaches
  2 goblins (D:1)
  A hobgoblin (D:1)
  A quokka (D:1)
  2 ball pythons
  A frilled lizard (D:1)
  A kobold (D:1)
  13 rats (D:1)
34 creatures vanquished.

Notes
Turn   | Place    | Note
-------+----------+-------------------------------------------
     0 | D:1      | DemonSlayer the Demonspawn Earth Elementalist began the
                  | quest for the Orb.
     0 | D:1      | Reached XP level 1. HP: 13/13 MP: 3/3
   235 | D:1      | Gained mutation: You have a pair of small horns on your
                  | head. [demonic ancestry]
   235 | D:1      | Reached XP level 2. HP: 19/19 MP: 3/5
   236 | D:1      | Reached skill level 3 in Earth Magic
   882 | D:1      | Learned a level 2 spell: Passwall
  1008 | D:2      | Gained mutation: You have a pair of horns on your head.
                  | [demonic ancestry]
  1008 | D:2      | Reached XP level 3. HP: 20/24 MP: 2/6
  1180 | D:2      | Killed from afar by an orc priest

Illustrated notes

Levels and vault maps discovered:
D:1:      minmay_arrival_hallway, layout_rooms, minmay_rat_gold_closets
D:2:      layout_basic, nicolae_titane

Skill      XL: |  1  2 |
---------------+-------+-----
Earth Magic    | 3 |  3.5
Stealth        | 2 |  2.1
Dodging        | |  1.8
Unarmed Combat | |  0.2
Spellcasting   | |  2.5
Transmutations | |  0.8

Action                   || total
-------------------------++-------
Melee: Unarmed           ||    12
       Dagger            ||     9
       Headbutt          ||     1
 Cast: Sandblast         ||    47
  Use: Potion            ||     1
 Stab: Sleeping          ||     3
Armor: Robe              ||    14
Dodge: Dodged            ||    31
